 Dungeon Crawl Stone Soup version 0.29-a0-266-gf56f883ddd (webtiles) character file.

Game seed: 11676517271412477084

326 enile the Sneak (level 6, 0/45 HPs)
             Began as an Octopode Brigand on Mar 6, 2022.
             Was a Follower of the Shining One.
             Slain by a phantom (8 damage)
             ... on level 4 of the Dungeon.
             The game lasted 00:03:26 (2543 turns).

enile the Sneak (Octopode Brigand)                  Turns: 2543, Time: 00:03:27

Health: 0/45       AC:  1    Str: 10    XL:     6   Next: 49%
Magic:  7/7        EV: 14    Int: 13    God:    the Shining One [*.....]
Gold:   176        SH:  0    Dex: 16    Spells: 5/5 levels left

rFire   + . .      SeeInvis .   g - +5 whip "Noah" {spect, rF+}
rCold   . . .      Faith    .   (no shield)
rNeg    . . .      Spirit   .   (helmet restricted)
rPois   .          Reflect  .   (no amulet)
rElec   .          Harm     .   (no ring)
rCorr   .          Rampage  .   (no ring)
Will    .....                   (no ring)
Stlth   ++........              (no ring)
HPRegen 0.15/turn               (no ring)
MPRegen 0.10/turn               (no ring)
                                (no ring)
                                (no ring)

@: glowing
A: almost no armour, amphibious, 8 rings, camouflage 1, gelatinous body 1,
(nimble swimmer 1), tentacles
a: Renounce Religion, Divine Shield


You were on level 4 of the Dungeon.
You worshipped the Shining One.
The Shining One was aware of your devotion.
You visited 1 branch of the dungeon, and saw 4 of its levels.

You collected 176 gold pieces.

Inventory:

Hand Weapons
 a - a +2 dagger
 d - a +0 dagger
 e - a +0 falchion
 g - the +5 whip "Noah" (weapon) {spect, rF+}
   (You found it on level 2 of the Dungeon)

   When its wielder attacks, the weapon's spirit leaps out and strikes again.
   The spirit shares a part of any damage it takes with its wielder.
   rF:        It protects you from fire.
 i - a +0 lajatang
Missiles
 b - 17 poisoned darts (quivered)
 c - 3 curare-tipped darts
Jewellery
 f - an amulet of faith
 j - an amulet of reflection
Scrolls
 h - 4 scrolls of identify {unknown}
 m - a scroll of teleportation {unknown}
 n - a scroll of acquirement {unknown}
 p - a scroll of blinking {unknown}
Potions
 k - a potion of mutation {unknown}
 l - a potion of degeneration {unknown}
 o - a potion of magic {unknown}
 q - a potion of attraction {unknown}
 r - a potion of brilliance {unknown}


   Skills:
 - Level 5.0 Fighting
 - Level 2.0 Short Blades
 - Level 2.0 Throwing
 - Level 4.0 Dodging
 - Level 5.3 Stealth
 + Level 1.7 Invocations


You had 5 spell levels left.
You didn't know any spells.
Your spell library contained the following spells:

 Spells                   Type           Power      Damage    Failure   Level
 Apportation              Tloc           0%         N/A       30%         1
 Alistair's Intoxication  Tmut/Pois      0%         N/A       100%        5


Dungeon Overview and Level Annotations

Branches:
Dungeon (4/15)             Temple (0/1) D:4

Altars:
The Shining One

Shops:
D:2 [

Annotations:
D:3 2 transporters, drugrobin's ghost, amateur DgFi


Innate Abilities, Weirdness & Mutations

You cannot wear most types of armour.
You are amphibious.
You can wear up to eight rings at the same time.
Your skin changes colour to match your surroundings (Stealth+).
Your rubbery body absorbs attacks. (AC +1, EV +1)
((You are camouflaged when in or above water. (Stealth+)))
You have tentacles for arms and can constrict up to eight enemies at once.


Message History

Found a dagger.
A phantom comes into view.
A phantom is nearby!
The phantom hits you.
The phantom blinks!
You blink.
You closely miss the phantom.
You squeeze the phantom, but do no damage.
The phantom barely misses you. The phantom hits you.
You hit the phantom.
The phantom is lightly damaged.
The phantom misses you.
You hit the phantom.
The phantom is moderately damaged.
The phantom barely misses you.
You hit the phantom.
The phantom is moderately damaged.
The phantom closely misses you.
You barely miss the phantom.
The phantom is moderately damaged.
The phantom hits you but does no damage.
You hit the phantom.
The phantom is heavily damaged.
The phantom hits you.
You barely miss the phantom.
The phantom is heavily damaged.
The phantom hits you.
You hit the phantom.
The phantom is heavily damaged.
The phantom hits you.
You closely miss the phantom.
The phantom is heavily damaged.
The phantom hits you!
You hit the phantom but do no damage.
The phantom is heavily damaged.
The phantom hits you.
You hit the phantom. You squeeze the phantom!
The phantom is almost destroyed.
The phantom hits you!
* * * LOW HITPOINT WARNING * * *
The phantom blinks!
You blink.
The phantom hits you!
You die...

....#.###..<....#......###
####..# #.......###.##...##
.<## ##.†...####...##..#.##
.... ......................
.#############........###..##
#. #######...)...# .
#.#####.#
##################.#####.#
.......§§....@W...........
#####################..### ##


You could see a phantom.

Vanquished Creatures
  Pargi (D:4)
  A howler monkey (D:4)
  A hound (D:4)
  An iguana (D:4)
  Terence (D:2)
  6 adders
  A worm (D:3)
  3 orcs
  6 endoplasms
  4 giant cockroaches
  3 goblins
  6 hobgoblins
  8 quokkas
  5 ball pythons
  3 bats
  2 frilled lizards
  3 kobolds
  6 rats
61 creatures vanquished.

Notes
Turn   | Place    | Note
-------+----------+-------------------------------------------
     0 | D:1      | enile the Octopode Brigand began the quest for the Orb.
     0 | D:1      | Reached XP level 1. HP: 14/14 MP: 1/1
   144 | D:1      | Reached XP level 2. HP: 20/20 MP: 2/2
   227 | D:1      | You fall into a shaft and drop 1 floor!
   345 | D:2      | Noticed Terence
   355 | D:2      | Killed Terence
   356 | D:2      | Reached XP level 3. HP: 24/26 MP: 3/3
   449 | D:2      | Identified the +5 whip "Noah" {spect, rF+}
   511 | D:2      | Found a faded altar of an unknown god.
   630 | D:2      | Found Iwaonat's Armour Emporium.
   665 | D:2      | Reached XP level 4. HP: 27/31 MP: 4/4
  1601 | D:2      | Prayed at the altar of an unknown god.
  1601 | D:2      | Became a worshipper of the Shining One
  1601 | D:2      | Reached * piety under the Shining One
  1626 | D:3      | Noticed drugrobin's ghost (amateur DgFi)
  1645 | D:3      | Found a transporter.
  1660 | D:3      | Found a transporter.
  2177 | D:4      | Reached XP level 5. HP: 36/36 MP: 5/5
  2248 | D:4      | Found a staircase to the Ecumenical Temple.
  2328 | D:4      | Noticed Pargi
  2341 | D:4      | Reached XP level 6. HP: 24/44 MP: 2/6
  2346 | D:4      | Killed Pargi
  2347 | D:4      | Reached skill level 5 in Fighting
  2347 | D:4      | Reached skill level 1 in Invocations
  2543 | D:4      | Slain by a phantom

Illustrated notes

Levels and vault maps discovered:
D:1:      minmay_arrival_jagged, layout_basic
D:2:      layout_loops_ring, nicolae_ecumenical_lake_church, serial_shops, shop,
          minmay_misc_feat_cross, uniq_terence
D:3:      layout_rooms, gammafunk_ghost_arena, minmay_ruptured
D:4:      layout_rooms, minmay_temple_entry_sparse_star, minivault_25,
          wad_orctagon, uniq_grinder, uniq_pargi

Skill      XL: |  1  2  3  4  5  6 |
---------------+-------------------+-----
Fighting       | 3 4 5 |  5.0
Dodging        | 2 3 4 |  4.0
Invocations    | 1 |  1.7
Short Blades   | |  2.0
Throwing       | |  2.0
Stealth        | |  5.3

Action                   |  1- 3 |  4- 6 || total
-------------------------+-------+-------++-------
Melee: Dagger            |    19 |       ||    19
       Tentacles         |     6 |    13 ||    19
       Constrict         |     5 |    15 ||    20
       Punch             |     1 |     2 ||     3
       Whip              |     7 |    63 ||    70
       Falchion          |     1 |       ||     1
Throw: Dart              |       |     1 ||     1
Invok: Divine Shield     |       |     1 ||     1
 Stab: Sleeping          |    11 |     4 ||    15
       Distracted        |       |     1 ||     1
Armor: Skin              |     1 |     3 ||     4
Dodge: Dodged            |     7 |    27 ||    34
Block: Other             |       |     3 ||     3

Table legend: (Time is in decaauts)
 A = Elapsed time spent in this place.
 B = Non-inter-level travel time spent in this place.
 C = Inter-level travel time spent in this place.
 D = Time resting spent in this place.
 E = Time spent auto-exploring this place.
 F = Levels seen in this place.
 G = Mean time per level.
                   A        B        C        D        E       F      G
               +--------+--------+--------+--------+--------+-----+--------+
         Total |   2547 |   2389 |    158 |      0 |   1992 |   4 |  636.8 |
       Dungeon |   2547 |   2389 |    158 |      0 |   1992 |   4 |  636.8 |
               +--------+--------+--------+--------+--------+-----+--------+

Top non-repeatable levels by time:
     D:2: 821 daAuts
     D:1: 804 daAuts
     D:3: 548 daAuts
     D:4: 372 daAuts
